 Dungeon Crawl Stone Soup version 0.30.1-9-gdf580d7c3d (webtiles) character file.

Game seed: 17225138012213574753

36 KittyFluff the Trooper (level 3, 0/23 HPs)
             Began as a Gargoyle Berserker on Oct 9, 2023.
             Was a Believer of Trog.
             Slain by a cerulean imp
             ... wielding a +2 spear
             ... summoned by Natasha
              (2 damage)
             ... on level 2 of the Dungeon.
             The game lasted 00:03:18 (846 turns).

KittyFluff the Trooper (Gargoyle Berserker)          Turns: 846, Time: 00:03:19

Health: 0/23       AC: 11    Str: 22    XL:     3   Next: 37%
Magic:  3/3        EV: 12    Int:  7    God:    Trog [**....]
Gold:   15         SH:  0    Dex:  9    Spells: 2/2 levels left

rFire   . . .        a - +0 mace
rCold   . . .        (no shield)
rNeg    + . .        b - +0 animal skin
rPois   ∞            i - +1 hat
rElec   +            j - +0 cloak
rCorr   .            (no gloves)
SInv    .            (no boots)
Will    .....        (no amulet)
Stlth   +            l - +4 ring of protection
HPRegen 0.23/turn    (no ring)
MPRegen 0.08/turn

%: no passive effects
@: no status effects
A: sickness immunity, AC +3, negative energy resistance 1, electricity
resistance, torment resistance 1, petrification resistance
a: Renounce Religion, Berserk, Trog's Hand


You were on level 2 of the Dungeon.
You worshipped Trog.
Trog was pleased with you.
You visited 1 branch of the dungeon, and saw 2 of its levels.

You collected 15 gold pieces.

Inventory:

Hand Weapons
 a - a +0 mace (weapon)
Missiles
 g - 5 poisoned darts (quivered)
Armour
 b - a +0 animal skin (worn)
 i - a +1 hat (worn)
 j - a +0 cloak (worn)
Jewellery
 l - a +4 ring of protection (left hand)
Scrolls
 c - 4 scrolls of teleportation {unknown}
 d - 2 scrolls of enchant armour {unknown}
 k - 2 scrolls of fear {unknown}
Potions
 e - a potion of curing {unknown}
 f - a potion of heal wounds
 h - a potion of haste {unknown}


   Skills:
 + Level 3.6 Fighting
 * Level 3.4 Maces & Flails
 * Level 2.9 Armour
 + Level 1.8 Dodging


You had 2 spell levels left.
You didn't know any spells.
Your spell library was empty.

Dungeon Overview and Level Annotations

Branches:
Dungeon (2/15)

Altars:

Annotations:
D:2 Natasha


Innate Abilities, Weirdness & Mutations

You are immune to sickness and miasma.
Your stone body is resilient. (AC +3)
You are immune to poison.
You resist negative energy. (rN+)
You are resistant to electric shocks. (rElec)
You are resistant to unholy torment.
You are immune to petrification.


Message History

The bat barely misses you.
Natasha mumbles some strange words.
The bat hits you but does no damage. The bat completely misses you.
You see here an adder corpse.
Natasha attacks as you move away! Natasha claws you.
The cerulean imp hits you from afar with a +2 spear.
You hit Natasha.
Natasha is lightly wounded.
The cerulean imp hits you but does no damage.
Natasha howls an incantation.
You feel disoriented.
Natasha stares at you and mumbles some strange words.
The magic dart hits you.
The cerulean imp hits you but does no damage.
Natasha casts a spell.
You sock Natasha!
Natasha is severely wounded.
The cerulean imp barely misses you. Natasha claws you but does no damage.
The cerulean imp hits you with a +2 spear.
You hit Natasha.
Natasha is severely wounded.
The cerulean imp closely misses you. Natasha claws you.
The cerulean imp hits you but does no damage.
You hit Natasha.
Natasha is almost dead.
Natasha drinks a potion.
Natasha is healed!
The cerulean imp hits you but does no damage.
The cerulean imp hits you with a +2 spear.
You hit Natasha.
Natasha is heavily wounded.
The cerulean imp hits you but does no damage.
Natasha claws you.
* * * LOW HITPOINT WARNING * * *
The cerulean imp hits you with a +2 spear.
* * * LOW HITPOINT WARNING * * *
You miss Natasha.
Natasha is heavily wounded.
Natasha closely misses you.
The cerulean imp hits you from afar with a +2 spear.
You die...

... #(# #.# #
. #.#.# ..
#.#. #.# #..
.. #.#.##.##
#####<.......
#bh@5.....#.#
##.###5#.:...#
#...<.#.......
#...##.##....#
#..... .....
..#.b#.# ##.#
##. ..# # .#
## ... ..##


You could see Natasha, 2 cerulean imps and a bat.

Vanquished Creatures
  An adder (D:2)
  2 dart slugs (D:1)
  5 ball pythons (D:1)
  2 endoplasms (D:1)
  A giant cockroach (D:1)
  2 goblins (D:1)
  2 hobgoblins (D:1)
  A quokka (D:1)
  2 bats
  2 kobolds (D:1)
  2 rats (D:1)
22 creatures vanquished.

Notes
Turn   | Place    | Note
-------+----------+-------------------------------------------
     0 | D:1      | KittyFluff the Gargoyle Berserker began the quest for the
                  | Orb.
     0 | D:1      | Reached XP level 1. HP: 14/14 MP: 1/1
   253 | D:1      | Reached XP level 2. HP: 19/19 MP: 2/2
   288 | D:1      | Found a faded altar of an unknown god.
   583 | D:1      | Reached ** piety under Trog
   737 | D:1      | Reached XP level 3. HP: 23/23 MP: 3/3
   836 | D:2      | Noticed Natasha
   846 | D:2      | Slain by a cerulean imp

Illustrated notes

Levels and vault maps discovered:
D:1:      beargit_arrival_greenhouse, layout_loops_cross,
          shapermc_ecumenical_altar_acropolis, nicolae_figureground_sparkle
D:2:      layout_loops_ring, basic_altar, uniq_natasha

Action                     || total
---------------------------++-------
  Melee: Mace              ||    86
 Armour: Animal skin       ||    40
  Dodge: Dodged            ||    67
